% Time on Ice - SPOKANE KNIGHTS
Lines # - Real PCT - Wanted PCT - Time Play
Normal Forward
1 - 29% - 30% - 14:59
2 - 29% - 30% - 15:04
3 - 18% - 20% - 9:35
4 - 24% - 20% - 12:26
Normal Defense
1 - 33% - 30% - 17:00
2 - 29% - 30% - 15:03
3 - 29% - 25% - 14:59
4 - 10% - 15% - 5:02
PP Forward
1 - 56% - 55% - 1:07
2 - 44% - 45% - 0:52
PP Defense
1 - 64% - 60% - 1:16
2 - 36% - 40% - 0:43
PK Forward
1 - 74% - 60% - 4:24
2 - 26% - 40% - 1:33
PK Defense
1 - 62% - 60% - 3:41
2 - 38% - 40% - 2:16
PK3 Forward
1 - 0% - 55%
2 - 0% - 45%
PK3 Defense
1 - 0% - 55%
2 - 0% - 45%
44 Forward
1 - 0% - 55%
2 - 0% - 45%
44 Defense
1 - 0% - 55%
2 - 0% - 45%
Last Minute Offensive  - 0:00
Last Minute Defensive  - 0:00
Total
Forward - 60:00
Defense - 60:00
% Time on Ice - OAKLAND GORILLAS
Lines # - Real PCT - Wanted PCT - Time Play
Normal Forward
1 - 31% - 34% - 15:55
2 - 32% - 34% - 16:55
3 - 29% - 32% - 15:11
4 - 8% - 0% - 4:03
Normal Defense
1 - 34% - 34% - 17:28
2 - 34% - 33% - 17:27
3 - 33% - 33% - 17:09
4 - 0% - 0% - 0:00
PP Forward
1 - 27% - 55% - 1:35
2 - 73% - 45% - 4:22
PP Defense
1 - 40% - 60% - 2:23
2 - 60% - 40% - 3:34
PK Forward
1 - 63% - 55% - 1:15
2 - 37% - 45% - 0:44
PK Defense
1 - 44% - 55% - 0:52
2 - 56% - 45% - 1:07
PK3 Forward
1 - 0% - 55%
2 - 0% - 45%
PK3 Defense
1 - 0% - 55%
2 - 0% - 45%
44 Forward
1 - 0% - 55%
2 - 0% - 45%
44 Defense
1 - 0% - 55%
2 - 0% - 45%
Last Minute Offensive  - 0:00
Last Minute Defensive  - 0:00
Total
Forward - 60:00
Defense - 60:00
Play-by-Play 1st period 0:01 of 1st period - Joseph Veleno wins face-off versus Aleksander Barkov in neutral zone. 0:30 of 1st period - Shot by Rasmus Kupari. 0:30 of 1st period - Stopped by Thomas Greiss without a rebound. 0:31 of 1st period - Logan Couture wins face-off versus Lias Andersson in OAKLAND GORILLAS zone. 0:38 of 1st period - Shot by Patrik Laine. 0:38 of 1st period - Shot Misses the Net. 0:53 of 1st period - Shot by Patrik Laine. 0:53 of 1st period - Stopped by Frederik Andersen without a rebound. 0:54 of 1st period - Patrice Bergeron wins face-off versus Shane Pinto in SPOKANE KNIGHTS zone. 0:59 of 1st period - Shot by Colton Sissons. 0:59 of 1st period - Stopped by Frederik Andersen with a rebound. 1:11 of 1st period - Shot by David Kampf. 1:11 of 1st period - Deflect By Patrice Bergeron. 1:11 of 1st period - Goal by Patrice Bergeron - SPOKANE KNIGHTS : 0 - OAKLAND GORILLAS : 1. 1:12 of 1st period - Logan Couture wins face-off versus Kevin Rooney in neutral zone. 1:35 of 1st period - Shot by Patrik Laine. 1:35 of 1st period - Deflect By Jordan Kyrou. 1:35 of 1st period - Stopped by Frederik Andersen without a rebound. 1:36 of 1st period - Nicklas Backstrom wins face-off versus Patrice Bergeron in SPOKANE KNIGHTS zone. 2:13 of 1st period - Icing by Evan Bouchard. 2:14 of 1st period - Aleksander Barkov wins face-off versus Nicklas Backstrom in SPOKANE KNIGHTS zone. 2:39 of 1st period - Shot by Mark Stone. 2:39 of 1st period - Shot Misses the Net. 2:43 of 1st period - Shot by Mark Stone. 2:43 of 1st period - Shot Blocked by Callan Foote. 3:24 of 1st period - Shot by Jordan Kyrou. 3:24 of 1st period - Stopped by Frederik Andersen without a rebound. 3:25 of 1st period - Patrice Bergeron wins face-off versus Shane Pinto in SPOKANE KNIGHTS zone. 3:25 of 1st period - Patrice Bergeron is hit by David Jiricek. 3:56 of 1st period - Shot by Colton Sissons. 3:56 of 1st period - Shot Misses the Net. 4:10 of 1st period - Shot by Shayne Gostisbehere. 4:10 of 1st period - Shot Misses the Net. 4:31 of 1st period - Kevin Stenlund is hit by Jamie Oleksiak and loses puck. 4:48 of 1st period - Shot by Quinton Byfield. 4:48 of 1st period - Shot Misses the Net. 4:50 of 1st period - Shot by Jonathon Merrill. 4:50 of 1st period - Shot Misses the Net. 5:22 of 1st period - Aleksander Barkov is hit by Quinton Byfield and loses puck. 5:51 of 1st period - Aleksander Barkov is hit by Callan Foote and loses puck. 6:18 of 1st period - Shot by Colton Sissons. 6:18 of 1st period - Stopped by Frederik Andersen without a rebound. 6:19 of 1st period - Joseph Veleno wins face-off versus Patrice Bergeron in SPOKANE KNIGHTS zone. 6:29 of 1st period - Patrice Bergeron is hit by David Jiricek and loses puck. 6:32 of 1st period - Shot by Patrice Bergeron. 6:32 of 1st period - Shot Misses the Net. 6:40 of 1st period - Shot by Patrice Bergeron. 6:40 of 1st period - Stopped by Frederik Andersen without a rebound. 6:41 of 1st period - Shane Pinto wins face-off versus Jordan Kyrou in SPOKANE KNIGHTS zone. 6:41 of 1st period - Shane Pinto is hit by Jordan Kyrou. 6:50 of 1st period - Logan Couture is hit by Evan Bouchard and loses puck. 7:55 of 1st period - Off-side. 7:56 of 1st period - Aleksander Barkov wins face-off versus Lias Andersson in neutral zone. 8:01 of 1st period - Icing by Nicklas Backstrom. 8:02 of 1st period - Aleksander Barkov wins face-off versus Nicklas Backstrom in SPOKANE KNIGHTS zone. 8:15 of 1st period - Shot by Mark Stone. 8:15 of 1st period - Shot Blocked by Logan O'Connor. 8:17 of 1st period - Shot by Cameron York. 8:17 of 1st period - Stopped by Frederik Andersen with a rebound. 8:29 of 1st period - Shot by Marcus Foligno. 8:29 of 1st period - Goal by Marcus Foligno - SPOKANE KNIGHTS : 0 - OAKLAND GORILLAS : 2. 8:30 of 1st period - Patrice Bergeron wins face-off versus Quinton Byfield in neutral zone. 8:39 of 1st period - Patrice Bergeron is hit by Callan Foote. 8:41 of 1st period - Shot by Hampus Lindholm. 8:41 of 1st period - Shot Misses the Net. 8:55 of 1st period - Shot by Patrice Bergeron. 8:55 of 1st period - Shot Misses the Net. 9:02 of 1st period - Icing by Callan Foote. 9:03 of 1st period - Aleksander Barkov wins face-off versus Quinton Byfield in SPOKANE KNIGHTS zone. 9:11 of 1st period - Minor Penalty to Luke Martin for Holding. 9:12 of 1st period - Nicklas Backstrom wins face-off versus Logan Couture in SPOKANE KNIGHTS zone. 9:31 of 1st period - Shot by Jared Spurgeon. 9:31 of 1st period - Shot Misses the Net. 9:47 of 1st period - Shot by Logan Couture. 9:47 of 1st period - Shot Blocked by Callan Foote. 10:25 of 1st period - Evan Bouchard is hit by Jared Spurgeon and loses puck. 10:55 of 1st period - Icing by Patrik Laine. 10:56 of 1st period - Logan Couture wins face-off versus Shane Pinto in OAKLAND GORILLAS zone. 10:58 of 1st period - Icing by Patrik Laine. 10:59 of 1st period - Logan Couture wins face-off versus Anthony Duclair in OAKLAND GORILLAS zone. 11:21 of 1st period - Patrice Bergeron is hit by Jacob Larsson and loses puck. 12:46 of 1st period - Icing by Quinton Byfield. 12:47 of 1st period - Patrice Bergeron wins face-off versus Quinton Byfield in SPOKANE KNIGHTS zone. 13:00 of 1st period - Shot by Patrice Bergeron. 13:00 of 1st period - Stopped by Frederik Andersen with a rebound. 13:11 of 1st period - Icing by Luke Martin. 13:12 of 1st period - Quinton Byfield wins face-off versus Logan Couture in SPOKANE KNIGHTS zone. 13:38 of 1st period - Icing by Shayne Gostisbehere. 13:39 of 1st period - Logan Couture wins face-off versus Lias Andersson in OAKLAND GORILLAS zone. 15:05 of 1st period - Icing by David Kampf. 15:06 of 1st period - Patrice Bergeron wins face-off versus Joseph Veleno in OAKLAND GORILLAS zone. 15:25 of 1st period - Icing by Rasmus Kupari. 15:26 of 1st period - Logan Couture wins face-off versus Joseph Veleno in SPOKANE KNIGHTS zone. 16:13 of 1st period - Shot by Jordan Kyrou. 16:13 of 1st period - Shot Blocked by Rasmus Kupari. 16:58 of 1st period - Shot by Shane Pinto. 16:58 of 1st period - Shot Blocked by Jamie Oleksiak. 17:54 of 1st period - Evan Bouchard is hit by Marcus Foligno and loses puck. 18:44 of 1st period - Icing by Evan Bouchard. 18:45 of 1st period - Quinton Byfield wins face-off versus Logan Couture in SPOKANE KNIGHTS zone. 19:11 of 1st period - Shot by Logan O'Connor. 19:11 of 1st period - Shot Misses the Net. 19:23 of 1st period - Shot by Patrik Laine. 19:23 of 1st period - Stopped by Frederik Andersen without a rebound. 19:24 of 1st period - Patrice Bergeron wins face-off versus Shane Pinto in SPOKANE KNIGHTS zone. 19:45 of 1st period - Shot by Cole Sillinger. 19:45 of 1st period - Shot Misses the Net. 19:47 of 1st period - Shot by Shane Pinto. 19:47 of 1st period - Shot Misses the Net. 19:53 of 1st period - Shot by Anthony Duclair. 19:53 of 1st period - Shot Misses the Net. 19:55 of 1st period - Shot by Cole Silling